cohdb
Replays
Latest Replays
All Replays
Popular Replays
Top Player Replays
Match Explorer
How It Works
Community
CoH3 Stats
Reddit
Sign in to upload your games and track your stats! →
Sign in with Steam
Match 41302804
Unlisted
Match 41302804
Overview
Messages
Build Orders
End
Panzergrenadier Squad
Kradschützen Motorcycle Team
Panzergrenadier Squad
Construct Light Support Kompanie
Assault Grenadier Squad
Selects Battlefield Espionage Battlegroup
Selects Intel Disruption Beacon
2.5-tonne Medical Truck
Fire Support Elements
MG34 Team
Flakvierling Half-track
Selects Plunder
Pak 38 Anti-tank Gun Team
Selects 250/3 Funkpanzerwagen
Panzergrenadier Squad
Panzerpioneer Squad
Selects Disruption Operation
250/3 Funkpanzerwagen
Panzergrenadier Squad
Construct Panzerarmee Kommand
Selects Advanced Ambush Training
Armored Reserves
Panzerjäger Mechanized Group
Disruption Operation
Panzergrenadier Squad
Selects Operation Skorpion
Panzer III L Medium Tank
Panzer IV Assault Group
Tungsten Core Ammunition
moth
Chochentius Bella Ciao
Jolesepher
MADAO
0
0
Comments
sign in to comment!
No comments posted yet!